 Seeded DCSS version 0.31-a0-365-gcf821cafb2 (webtiles) character file.

Game seed: 4560444620379715527 (custom seed)

415 MegasTu the Slasher (level 6, -15/48 HPs)
             Began as a Barachi Fighter on July 28, 2023.
             Demolished by an ogre
             ... wielding a +0 giant spiked club
              (33 damage)
             ... on level 4 of the Dungeon.
             The game lasted 00:04:51 (3141 turns).

MegasTu the Slasher (Barachi Fighter)               Turns: 3141, Time: 00:04:52

Health: -15/48     AC:  7    Str: 19    XL:     6   Next: 91%
Magic:  6/6        EV:  9    Int:  9    God:
Gold:   187        SH:  4    Dex: 11    Spells: 5/5 levels left

rFire   . . .        a - +0 long sword
rCold   . . .        c - +0 buckler
rNeg    . . .        b - +0 scale mail
rPois   .            (no helmet)
rElec   .            (no cloak)
rCorr   .            (no gloves)
SInv    .            (no boots)
Will    .....        (no amulet) Stlth
                     (no ring)
HPRegen 0.28/turn    (no ring)
MPRegen 0.10/turn

%: no passive effects
@: slow
A: amphibious, slowness 1, strong legs 1, +LOS
a: Hop


You were on level 4 of the Dungeon.
You visited 1 branch of the dungeon, and saw 4 of its levels.

You collected 187 gold pieces.

Inventory:

Hand Weapons
 a - a +0 long sword (weapon)
 t - a +0 falchion
Armour
 b - a +0 scale mail (worn)
 c - a +0 buckler (worn)
Jewellery
 q - a ring of protection from fire
 r - a ring of wizardry
Wands
 p - a wand of iceblast (9)
Scrolls
 e - 3 scrolls of identify {unknown}
 f - 4 scrolls of teleportation {unknown}
 g - a scroll of revelation {unknown}
 i - a scroll of torment {unknown}
 k - a scroll of enchant weapon {unknown}
 l - a scroll of noise {unknown}
 o - a scroll of fear {unknown}
 s - 2 scrolls of immolation {unknown}
Potions
 d - 3 potions of might
 h - 2 potions of curing {unknown}
 j - a potion of magic {unknown}
 m - a potion of lignification {unknown}
 n - 2 potions of attraction {unknown}


   Skills:
 - Level 4.1 Fighting
 + Level 7.8 Long Blades
 - Level 4.1 Armour
 - Level 3.8 Shields


You had 5 spell levels left.
You didn't know any spells.
Your spell library contained the following spells:

 Spells                   Type           Power      Damage    Failure   Level
 Portal Projectile        Hex/Tloc       0%         N/A       99%         3
 Tukima's Dance           Hex            0%         N/A       99%         3
 Iskenderun's Mystic Bla  Conj/Tloc      0%         2d3       100%        4


Dungeon Overview and Level Annotations

Branches:
Dungeon (4/15)
 Temple: D:4-7

Altars:
Kikubaaqudgha


Innate Abilities, Weirdness & Mutations

You are amphibious.
You cover ground slowly.
You can hop short distances.
You have an extended range of vision and can be seen from far away.


Message History

No target in view!
No target in view!
No target in view!
Items here: ( ))) [ †.
You now have 187 gold pieces (gained 12).
Found a stone staircase leading down.
There is a stone staircase leading down here.
An ogre comes into view. It is wielding a +0 giant spiked club.
The ogre shouts!
An ogre is nearby!
An ogre is nearby!
The ogre barely misses you.
You see here a scroll labelled JONAXKA DUMILEMEIS.
You hit the ogre.
The ogre is lightly wounded.
The ogre misses you.
You slash the ogre!
The ogre is moderately wounded.
The ogre closely misses you.
You barely miss the ogre.
The ogre is moderately wounded.
You slash the ogre!
The ogre is heavily wounded.
The ogre closely misses you.
You barely miss the ogre.
The ogre is heavily wounded.
The ogre hits you with a +0 giant spiked club!!
You slash the ogre!
The ogre is almost dead.
You barely miss the ogre.
The ogre is almost dead.
The ogre hits you with a +0 giant spiked club!
You are too injured to fight recklessly!
You are too injured to fight recklessly!
You are too injured to fight recklessly!
You hit the ogre.
The ogre is almost dead.
The ogre hits you with a +0 giant spiked club!!
Ouch! That really hurt!
You die...

......##...####
#####.###.## #####.###.#
..........# #####.#####
♣♣♣ #.##########.#####.#
#.##...............#
.####.##.#######.#######
#.......># #@#
.######### #O# #.# ..#
###


You could see an ogre.

Vanquished Creatures
  2 scorpions (D:4)
  2 hounds (D:4)
  An orc priest (D:3)
  An iguana (D:4)
  A sleepcap (D:4)
  8 adders
  3 worms (D:3)
  A dart slug (D:1)
  15 orcs
  7 endoplasms
  6 goblins
  2 hobgoblins
  3 jackals (D:2)
  7 kobolds
  2 quokkas
  A ball python (D:3)
  4 bats
  5 frilled lizards
  2 rats
73 creatures vanquished.

Notes
Turn   | Place    | Note
-------+----------+-------------------------------------------
     0 | D:1      | MegasTu the Barachi Fighter began the quest for the Orb.
     0 | D:1      | Reached XP level 1. HP: 18/18 MP: 1/1
   125 | D:1      | Reached XP level 2. HP: 25/25 MP: 2/2
   599 | D:2      | Reached skill level 3 in Long Blades
   599 | D:2      | Reached XP level 3. HP: 30/30 MP: 3/3
  1363 | D:3      | Reached XP level 4. HP: 32/37 MP: 4/4
  1531 | D:3      | Reached skill level 4 in Long Blades
  1789 | D:3      | Reached skill level 5 in Long Blades
  1789 | D:3      | Reached XP level 5. HP: 35/42 MP: 5/5
  2111 | D:3      | Identified the +7 chain mail of the Mangosteen {rN+}
  2227 | D:3      | Found an ancient bone altar of Kikubaaqudgha.
  2371 | D:4      | Reached skill level 6 in Long Blades
  2416 | D:4      | Reached XP level 6. HP: 16/48 MP: 6/6
  2708 | D:4      | Reached skill level 7 in Long Blades
  3141 | D:4      | Demolished by an ogre

Illustrated notes

Levels and vault maps discovered:
D:1:      dpeg_arrival_houses_and_road, layout_rooms, serial_aquarium,
          aquarium_bridge_square [aquarium_subvault_bridge,
          aquarium_subvault_bridge, aquarium_subvault_wall,
          aquarium_subvault_wall], aquarium_bridge_long_separate
          [aquarium_subvault_bridge, aquarium_subvault_window,
          aquarium_subvault_bridge, aquarium_subvault_window,
          aquarium_subvault_wall, aquarium_subvault_bridge], aquarium_window_2,
          aquarium_window_fake, aquarium_view_2d, aquarium_view_2e,
          aquarium_balcony_double_4
D:2:      layout_loops_ring
D:3:      layout_rooms, kiku_gazebo_pond_becter, nicolae_elevator_lobby_asterisk
D:4:      layout_loops_ring, fedhas_altar_fruit_tree, minmay_fountain_box

Skill      XL: |  1  2  3  4  5  6 |
---------------+-------------------+-----
Fighting       | 4 |  4.1
Long Blades    | 3 5 6 7 |  7.8
Armour         | 4 |  4.1
Shields        | |  3.8

Action                     |  1- 3 |  4- 6 || total
---------------------------+-------+-------++-------
  Melee: Long sword        |   102 |   218 ||   320
 Armour: Scale mail        |    59 |   106 ||   165
  Dodge: Dodged            |    44 |    94 ||   138
  Block: Buckler           |    24 |    43 ||    67

Table legend: (Time is in decaauts)
 A = Elapsed time spent in this place.
 B = Non-inter-level travel time spent in this place.
 C = Inter-level travel time spent in this place.
 D = Time resting spent in this place.
 E = Time spent auto-exploring this place.
 F = Levels seen in this place.
 G = Mean time per level.
                   A        B        C        D        E       F      G
               +--------+--------+--------+--------+--------+-----+--------+
         Total |   3573 |   3496 |     77 |    677 |   2053 |   4 |  893.2 |
       Dungeon |   3573 |   3496 |     77 |    677 |   2053 |   4 |  893.2 |
               +--------+--------+--------+--------+--------+-----+--------+

Top non-repeatable levels by time:
     D:3: 1009 daAuts
     D:2: 977 daAuts
     D:4: 890 daAuts
     D:1: 695 daAuts
